 Dungeon Crawl Stone Soup version 0.27.1-33-g824d729ab1 (webtiles) character file.

Game seed: 18290475856484330629

2940 MonkeyKing the Spear-Bearer (level 9, -1/78 HPs)
             Began as a Minotaur Chaos Knight on Dec 30, 2021.
             Was a Plaything of Xom.
             Slain by a vampire (5 damage)
             ... on level 7 of the Dungeon.
             The game lasted 00:33:45 (6547 turns).

MonkeyKing the Spear-Bearer (Minotaur Chaos Knight) Turns: 6547, Time: 00:33:45

Health: -1/78      AC:  5    Str: 18    XL:     9   Next: 51%
Magic:  7/14       EV: 22    Int: 11    God:    Xom [....*.]
Gold:   32         SH:  0    Dex: 14    Spells: 14/16 levels left

rFire    . . .     SeeInvis .   a - +0 spear (chaos)
rCold    . . .     Faith    +   (no shield)
rNeg     . . .     Spirit   .   t - +0 robe
rPois    +         Reflect  .   (helmet restricted)
rElec    .         Harm     .   g - +0 cloak
rCorr    .         Rampage  .   (no gloves)
Will     +....                  (no boots)
Stlth    ++........             b - amulet of faith
HPRegen  0.23/turn              i - +4 ring of evasion
MPRegen  0.14/turn              l - +4 ring of evasion

@: hasted, studying Staves, very quick
A: horns 2, retaliatory headbutt, talons 1, iridescent scales 1, agile 2,
strong-willed 1, poison resistance
a: Renounce Religion


You were on level 7 of the Dungeon.
You worshipped Xom.
You were a beloved toy of Xom.
You visited 1 branch of the dungeon, and saw 7 of its levels.

You collected 303 gold pieces.
You spent 271 gold pieces at shops.

Inventory:

Hand Weapons
 a - a +0 spear of chaos (weapon)
Missiles
 c - 162 stones (quivered)
Armour
 g - a +0 cloak (worn)
 t - a +0 robe (worn)
Magical Staves
 q - a staff of conjuration
Jewellery
 b - an amulet of faith (around neck)
 f - a ring of protection from fire
 i - a +4 ring of evasion (left hand)
 l - a +4 ring of evasion (right hand)
Wands
 j - a wand of paralysis (5)
 o - a wand of acid (7)
 s - a wand of iceblast (8)
Scrolls
 d - a scroll of teleportation
 p - a scroll of magic mapping
Potions
 h - 2 potions of might


   Skills:
 + Level 6.6 Fighting
 + Level 9.2 Polearms
 + Level 4.2 Armour
 + Level 4.8 Dodging
 + Level 2.0 Stealth
 + Level 4.1 Spellcasting
 + Level 1.1 Conjurations
 + Level 0.8 Fire Magic
 + Level 3.9 Earth Magic
 + Level 0.2 Evocations


You had 14 spell levels left.
You knew the following spells:

 Your Spells              Type           Power      Damage    Failure   Level
a - Sandblast             Erth           20%        2d7       4%          1
b - Foxfire               Conj/Fire      16%        2x1d4     16%         1

Your spell library contained the following spells:

 Spells                   Type           Power      Damage    Failure   Level
 Passwall                 Tmut/Erth      5%         N/A       16%         2
 Blink                    Tloc           N/A        N/A       34%         2
 Conjure Flame            Conj/Fire      4%         6-21      43%         3
 Inner Flame              Hex/Fire       3%         N/A       52%         3
 Lesser Beckoning         Tloc           1%         N/A       56%         3
 Lee's Rapid Deconstruct  Erth           5%         3d7*      78%         5
 Manifold Assault         Tloc           2%         N/A       100%        5


Dungeon Overview and Level Annotations

Branches:
Dungeon (7/15)             Temple (0/1) D:4

Altars:
Xom
Yredelemnul
Zin

Shops:
D:5 :   D:6 !


Innate Abilities, Weirdness & Mutations

You have a pair of horns on your head.
You reflexively headbutt those who attack you in melee.
You have sharp toenails.
You are partially covered in iridescent scales. (AC +2)
You are very agile. (Dex +4)
You are strong-willed. (Will+)
Your system is resistant to poisons. (rPois)


Message History

The ufetubus completely misses the sky beast.
Something hits you! Something bites you.
Something draws strength from your injuries!
The sky beast flickers out of sight!
You see here a bullfrog corpse.
You barely miss something. You claw something. You headbutt something.
Something hits you. Something misses you.
You barely miss something. You claw something. Your headbutt misses something.
Something barely misses you. x2
You hit something but do no damage. You claw something. You headbutt something.
You closely miss something. Your kick misses something.
Something barely misses you. Something bites you but does no damage.
You hit something but do no damage. You headbutt something. You miss something.
You headbutt something. Something hits you! Something bites you.
* * * LOW HITPOINT WARNING * * *
Something draws strength from your injuries!
You hit something.
Nothing appears to happen.
You claw something. Something hits you.
* * * LOW HITPOINT WARNING * * *
Something bites you.
* * * LOW HITPOINT WARNING * * *
Something draws strength from your injuries!
You feel better. Something closely misses you. Something bites you!
* * * LOW HITPOINT WARNING * * *
Something draws strength from your injuries!
It was a potion of haste.
You feel yourself speed up.
Xom thinks this is hilarious!
Something closely misses you. Something bites you.
* * * LOW HITPOINT WARNING * * *
Something draws strength from your injuries!
Aiming: Corrosive Bolt
Press: ? - help, Shift-Dir - straight line A sky beast appears from thin air!
Reactivating autopickup.
Aiming: Corrosive Bolt
Press: ? - help, Shift-Dir - straight line, f - sky beast
Aim: a sky beast (rain, 60% to hit)
The bolt of acid misses the sky beast.
Something hits you.
You die...

.....#### #.#.#....<#
........# #...#....##
....)...###.........##
.....................##
...........#...........#
..#>..............#.....
##.....###..#...# .##.
..?....##...#........
....#####@5............
..... ##{##..........
...>. #Y###........ #.#
##....... ..# ..###.
#..# .# #).. # #... ....


You could see a sky beast and a friendly iron imp (summoned).

Vanquished Creatures
  Pikel (D:5)
  A polar bear (shapeshifter) (D:3)
  A shadow (D:5)
  A steam dragon (D:3)
  3 black bears
  3 ogres (D:6)
  2 ice beasts (D:5)
  A necrophage (D:7)
  3 centaurs
  2 bullfrogs (D:7)
  A wyvern zombie (D:7)
  A scorpion (D:6)
  A howler monkey (D:4)
  A centaur zombie (D:6)
  A bullfrog zombie (D:7)
  A hound (D:7)
  A jelly (D:5)
  5 iguanas
  Ijyb (D:3)
  2 hound zombies
  The ghost of topfpfpflanze the Stinger, a weakling OpVM of Vehumet (D:3)
  A hound skeleton (D:4)
  2 gnolls (D:2)
  6 adders
  A shadow imp (D:5)
  3 white imps
  An ufetubus (D:6)
  An adder zombie (D:3)
  3 worms
  3 dart slugs
  2 orcs
  9 bats
  4 endoplasms
  8 goblins
  9 hobgoblins
  4 jackals (D:2)
  4 quokkas
  6 ball pythons
  2 frilled lizards
  11 kobolds
  9 rats
  A foxfire (D:7)
124 creatures vanquished.

Vanquished Creatures (others)
  A shadow (D:5)
  A lemure (D:5)
  45 foxfires
47 creatures vanquished.

Grand Total: 171 creatures vanquished

Notes
Turn   | Place    | Note
-------+----------+-------------------------------------------
     0 | D:1      | MonkeyKing the Minotaur Chaos Knight began the quest for
                  | the Orb.
     0 | D:1      | Reached XP level 1. HP: 19/19 MP: 0/0
    80 | D:1      | Reached skill level 4 in Polearms
    99 | D:1      | XOM: butterfly on damage
   221 | D:1      | Reached XP level 2. HP: 25/27 MP: 1/1
   310 | D:1      | XOM: silly message
   333 | D:1      | XOM: smoke on damage
   408 | D:1      | XOM: divination: magic mapping
   567 | D:1      | Reached XP level 3. HP: 33/33 MP: 2/2
   786 | D:2      | XOM: stealth player
  1037 | D:2      | Reached XP level 4. HP: 34/41 MP: 3/3
  1048 | D:2      | Reached skill level 5 in Polearms
  1051 | D:2      | HP: 1/41 [gnoll (4)]
  1492 | D:2      | Learned a level 1 spell: Sandblast
  2213 | D:2      | XOM: god gift: club {god gift}
  2295 | D:3      | Noticed an ogre
  2302 | D:3      | Noticed a steam dragon
  2302 | D:3      | an ogre changed into a steam dragon
  2302 | D:3      | XOM: polymorph ogre -> steam dragon
  2304 | D:3      | Noticed Ijyb
  2314 | D:3      | Noticed a shapeshifter
  2314 | D:3      | a frilled lizard changed into a shapeshifter
  2314 | D:3      | XOM: polymorph frilled lizard -> shapeshifter
  2314 | D:3      | Noticed a black bear
  2314 | D:3      | a shapeshifter changed into a black bear
  2317 | D:3      | Killed a steam dragon
  2318 | D:3      | Reached skill level 1 in Earth Magic
  2318 | D:3      | Reached XP level 5. HP: 36/47 MP: 0/5
  2348 | D:2      | XOM: god gift: crystal morningstar {god gift}
  2348 | D:2      | Identified the +9 morningstar "Ezofaw" {chaos, Str+3} (Xom
                  | gifted it to you on level 2 of the Dungeon)
  2393 | D:2      | XOM: summons 2 hostile shadow creatures
  2405 | D:3      | XOM: confusion (+ monsters)
  2409 | D:3      | XOM: 5-stop teleportation journey
  2419 | D:3      | XOM: enchant monster (bad)
  2426 | D:3      | Paralysed by something for 5 turns
  2427 | D:3      | Killed Ijyb
  2432 | D:3      | XOM: confuse monster(s)
  2447 | D:3      | Reached XP level 6. HP: 32/55 MP: 4/6
  2658 | D:3      | Noticed a polar bear
  2670 | D:3      | XOM: chaos cloud
  2674 | D:3      | Killed a polar bear
  2675 | D:3      | Reached skill level 5 in Fighting
  2675 | D:3      | Reached skill level 6 in Polearms
  2675 | D:3      | Reached skill level 1 in Spellcasting
  3313 | D:3      | Found a runed translucent gate.
  3313 | D:3      | Found a runed translucent gate.
  3313 | D:3      | Found a runed translucent gate.
  3313 | D:3      | Noticed topfpfpflanze's ghost (weakling OpVM)
  3315 | D:3      | Found a basalt altar of Yredelemnul.
  3338 | D:3      | Killed topfpfpflanze's ghost
  3339 | D:3      | Reached XP level 7. HP: 47/61 MP: 3/8
  3557 | D:4      | Reached skill level 1 in Stealth
  3585 | D:4      | XOM: noise
  3625 | D:4      | Found a staircase to the Ecumenical Temple.
  3625 | D:4      | XOM: 8-stop teleportation journey
  3660 | D:4      | XOM: give mutations
  3660 | D:4      | Gained mutation: Armour fits poorly on your strangely
                  | shaped body. [Xom's mischief]
  3660 | D:4      | Gained mutation: You are weak. (Str -2) [Xom's mischief]
  3660 | D:4      | Gained mutation: You are dopey. (Int -2) [Xom's mischief]
  3736 | D:4      | XOM: give mutations
  3736 | D:4      | Gained mutation: You sometimes lose the ability to read
                  | scrolls when taking damage. [Xom's mischief]
  3736 | D:4      | Lost mutation: You are weak. (Str -2) [Xom's mischief]
  4198 | D:5      | Entered Level 5 of the Dungeon
  4317 | D:5      | Found a shimmering altar of Xom.
  4351 | D:5      | Found Zysmox's Book Shop.
  4359 | D:5      | Bought a book of Flames for 260 gold pieces
  4364 | D:5      | XOM: summons 4 hostile demons
  4414 | D:5      | Noticed a shadow
  4424 | D:5      | Learned a level 1 spell: Foxfire
  4429 | D:5      | XOM: noise
  4438 | D:5      | Killed a shadow
  4439 | D:5      | XOM: summons 4 hostile demons
  4440 | D:5      | XOM: chaos cloud
  4466 | D:5      | XOM: silly message
  4467 | D:5      | Killed a shadow
  4468 | D:5      | Reached skill level 7 in Polearms
  4468 | D:5      | Reached XP level 8. HP: 49/69 MP: 10/10
  4469 | D:5      | XOM: 1-stop teleportation journey
  4638 | D:5      | Noticed Pikel
  4653 | D:5      | Killed Pikel
  4654 | D:5      | Reached skill level 8 in Polearms
  4910 | D:5      | XOM: divination: detect creatures
  5427 | D:5      | Lost mutation: You sometimes lose the ability to read
                  | scrolls when taking damage. [potion of mutation]
  5427 | D:5      | Lost mutation: You are dopey. (Int -2) [potion of mutation]
  5427 | D:5      | Gained mutation: Your body sometimes deteriorates upon
                  | taking damage. [potion of mutation]
  5427 | D:5      | Gained mutation: You have sharp toenails. [potion of
                  | mutation]
  5428 | D:5      | Lost mutation: Armour fits poorly on your strangely shaped
                  | body. [potion of mutation]
  5428 | D:5      | Lost mutation: You have sharp toenails. [potion of
                  | mutation]
  5428 | D:5      | Lost mutation: Your body sometimes deteriorates upon taking
                  | damage. [potion of mutation]
  5428 | D:5      | Gained mutation: Your system is resistant to poisons.
                  | (rPois) [potion of mutation]
  5428 | D:5      | Gained mutation: You are agile. (Dex +2) [potion of
                  | mutation]
  5428 | D:5      | Gained mutation: Your spells are a little easier to cast,
                  | but a little less powerful. [potion of mutation]
  5428 | D:5      | Lost mutation: Your spells are a little easier to cast, but
                  | a little less powerful. [potion of mutation]
  5463 | D:6      | Found a glowing silver altar of Zin.
  5475 | D:6      | Reached XP level 9. HP: 57/78 MP: 10/13
  5554 | D:6      | XOM: 2-stop teleportation journey
  5671 | D:6      | Found Ehuochut's Distillery.
  5690 | D:6      | Bought a potion of degeneration for 11 gold pieces
  5712 | D:6      | XOM: divination: detect items
  5718 | D:6      | XOM: enchant monster (good)
  5906 | D:6      | XOM: give mutations
  5906 | D:6      | Gained mutation: You are partially covered in iridescent
                  | scales. (AC +2) [Xom's grace]
  5906 | D:6      | Gained mutation: You have sharp toenails. [Xom's grace]
  5906 | D:6      | Gained mutation: You are strong-willed. (Will+) [Xom's
                  | grace]
  5906 | D:6      | Gained mutation: You are very agile. (Dex +4) [Xom's grace]
  6071 | D:6      | XOM: cleaving
  6075 | D:6      | Reached skill level 9 in Polearms
  6093 | D:6      | XOM: enchant monster (good)
  6332 | D:6      | XOM: summons 3 hostile shadow creatures
  6483 | D:7      | XOM: fake destruction
  6487 | D:7      | XOM: 4-stop teleportation journey
  6503 | D:7      | XOM: confuse monster(s)
  6509 | D:7      | Reached skill level 1 in Conjurations
  6525 | D:7      | XOM: summons friendly iron imp
  6547 | D:7      | Slain by a vampire

Illustrated notes

Levels and vault maps discovered:
D:1:      dpeg_arrival_round_b, layout_rooms
D:2:      layout_basic, minmay_heptomino_o4
D:3:      layout_basic, nicolae_yredelemnul_ghost_church, uniq_ijyb
D:4:      layout_gridville, minmay_temple_entry_glass
D:5:      layout_basic, mainiacjoe_overflow_concentric_impassable,
          nicolae_stop_n_shop_2, uniq_pikel
D:6:      layout_cave_pools, zin_treasury, serial_shops, shop
D:7:      layout_cave_pools

Skill      XL: |  1  2  3  4  5  6  7  8  9 |
---------------+----------------------------+-----
Polearms       | 4 5 6 7 8 9 |  9.2
Fighting       | 4 5 6 |  6.6
Armour         | 3 4 |  4.2
Dodging        | 2 3 4 |  4.8
Earth Magic    | 1 3 |  3.9
Spellcasting   | 1 2 3 4 |  4.1
Stealth        | 1 2 |  2.0
Conjurations   | 1 |  1.1
Fire Magic     | |  0.8
Evocations     | |  0.2

Action                   |  1- 3 |  4- 6 |  7- 9 || total
-------------------------+-------+-------+-------++-------
Melee: Spear             |    98 |   107 |   194 ||   399
       Headbutt          |    13 |    27 |    31 ||    71
       Kick              |       |       |    22 ||    22
 Cast: Sandblast         |       |    28 |    26 ||    54
       Foxfire           |       |       |    28 ||    28
Evoke: Wand              |       |     1 |     3 ||     4
  Use: Scroll            |       |     3 |     6 ||     9
       Potion            |       |       |     5 ||     5
 Stab: Sleeping          |     1 |       |     1 ||     2
       Confused          |       |     1 |     1 ||     2
       Petrified         |       |     3 |       ||     3
       Petrifying        |       |     1 |       ||     1
Armor: Leather armour    |    40 |    33 |    33 ||   106
       Robe              |       |       |    14 ||    14
Dodge: Dodged            |    58 |    96 |   194 ||   348
